 Dungeon Sprint DCSS version 0.32-a0-450-g080537f31e (webtiles) character file.

Game seed: 15507547222314570219

22105 adelrune the Bludgeoner (level 12, -7/122 HPs)
             Began as a Minotaur Fighter on Feb 23, 2024.
             Was the Champion of Cheibriados.
             Killed from afar by an ice dragon (29 damage)
             ... with a blast of cold
             ... in the Dungeon (Sprint IX: "|||||||||||||||||||||||||||||").
             The game lasted 00:10:14 (1823 turns).

adelrune the Bludgeoner (Minotaur Fighter)          Turns: 1823, Time: 00:10:14

Health: -7/122     AC: 26    Str: 40    XL:     12   Next: 60%
Magic:  5/20       EV: 22    Int: 20    God:    Cheibriados [******]
Gold:   1171       SH: 10    Dex: 26    Spells: 11/11 levels left

rFire   + . .        a - +0 flail
rCold   + . .        c - +0 buckler
rNeg    + . .        z - +0 storm dragon scales
rPois   +            B - +2 hat
rElec   +            H - +1 cloak
rCorr   +            b - +1 pair of gloves
SInv    .            o - +0 pair of boots
Will    .....        (no amulet) Stlth
                     C - ring of poison resistance
HPRegen 0.40/turn    D - ring of Haprelaupt {rF+ rC+ rN+ rCorr Slay-6 Stlth+}
MPRegen 0.17/turn

%: no teleportation
@: very slow
A: horns 2, retaliatory headbutt
a: Renounce Religion, Bend Time, Temporal Distortion, Slouch, Step From Time


You were in the Dungeon.
You worshipped Cheibriados.
Cheibriados was exalted by your worship.
You visited 1 branch You collected 1912 gold pieces.
You spent 741 gold pieces at shops.

Inventory:

Hand Weapons
 a - a +0 flail (weapon)
Armour
 b - a +1 pair of gloves (worn)
 c - a +0 buckler (worn)
 o - a +0 pair of boots (worn)
 p - a +1 chain mail
 z - +0 storm dragon scales (worn)
 B - a +2 hat (worn)
 H - a +1 cloak (worn)
Jewellery
 q - a +2 ring of evasion
 r - a +2 ring of evasion
 C - a ring of poison resistance (left hand)
 D - the ring of Haprelaupt (right hand) {rF+ rC+ rN+ rCorr Slay-6 Stlth+}
   (You bought it in a shop in the Dungeon)

   [ring of resist corrosion]

   Slay-6:    It affects your accuracy & damage with ranged weapons and melee
   (-6).
   rF+:       It protects you from fire.
   rC+:       It protects you from cold.
   rN+:       It protects you from negative energy.
   rCorr:     It protects you from acid and corrosion.
   Stlth+:    It makes you more stealthy.
 E - a ring of protection from cold
 F - a ring of protection from cold
 G - a ring of protection from fire
Wands
 m - a wand of light (10)
 y - a wand of roots (16)
Scrolls
 j - 4 scrolls of blinking
 l - 3 scrolls of amnesia
 n - a scroll of identify
 u - a scroll of torment
 v - 6 scrolls of enchant weapon
 w - a scroll of fog
 x - 4 scrolls of enchant armour
 A - a scroll of silence
Potions
 d - 2 potions of might
 e - 3 potions of berserk rage
 f - 2 potions of heal wounds
 g - a potion of haste
 h - 4 potions of magic
 i - 2 potions of mutation
 k - 5 potions of curing
 s - a potion of resistance
 t - a potion of attraction


   Skills:
 + Level 15.9 Fighting
 * Level 20.8 Maces & Flails
 + Level 15.9 Armour
 + Level 13.8 Dodging
 + Level 15.4 Shields
 + Level 12.7 Invocations


You had 11 spell levels left.
You didn't know any spells.
Your spell library was empty.

Dungeon Overview and Level Annotations

Branches:
Dungeon (1/1)

Altars:
Cheibriados
Dithmenos
Elyvilon
Fedhas
Gozag
Hepliaklqana
Kikubaaqudgha
Makhleb
Nemelex Xobeh
Okawaru
Qazlal
Ru
Sif Muna
Trog
Uskayaw
Vehumet
Wu Jian
Xom
Yredelemnul
Zin
The Shining One
Beogh
Jiyva
Lugonu

Shops:
D =[?[


Innate Abilities, Weirdness & Mutations

You have a pair of horns on your head.
You reflexively headbutt those who attack you in melee.


Message History

The ice dragon is moderately wounded.
The ice dragon completely misses you.
The ice dragon claws you but does no damage.
The ice dragon closely misses you.
You sock the ice dragon! Your headbutt misses the ice dragon.
The ice dragon is heavily wounded.
You sock the ice dragon!
You headbutt the ice dragon, but do no damage.
The ice dragon is heavily wounded.
The ice dragon breathes frost at you. The blast of cold misses you.
You barely miss the ice dragon.
The ice dragon is heavily wounded.
The ice dragon bites you but does no damage.
The ice dragon claws you but does no damage.
You block the ice dragon's attack.
You closely miss the ice dragon.
The ice dragon is heavily wounded.
The ice dragon breathes frost at you. The blast of cold hits you! You resist.
* * * LOW HITPOINT WARNING * * *
You hit the ice dragon but do no damage.
The ice dragon is heavily wounded.
You sock the ice dragon!
The ice dragon is severely wounded.
The ice dragon closely misses you.
The ice dragon claws you but does no damage.
The ice dragon barely misses you.
You sock the ice dragon!
The ice dragon is severely wounded.
You block the ice dragon's attack. The ice dragon misses you.
The ice dragon tramples you but does no damage.
You completely miss the ice dragon. You headbutt the ice dragon!
The ice dragon is almost dead.
You hit the ice dragon.
The ice dragon is almost dead.
The ice dragon breathes frost at you. The blast of cold hits you!! You resist.
You die...
Cheibriados appreciates the motionlessness of death.

†.......††.........)('..[[[...'..
▓▓▓▓▓▓▓▓▓▓▓▓▓▓▓▓▓▓▓▓▓▓▓▓▓▓▓▓▓▓▓▓▓
.......).........................
▓▓▓▓▓▓▓▓▓▓▓▓▓▓▓▓▓▓▓▓▓▓▓▓▓▓▓▓▓▓▓▓▓
.......))))..∩.∩.∩)∩.....'.......
▓▓▓▓▓▓▓▓▓▓▓▓▓▓▓▓▓▓▓▓▓▓▓▓▓▓▓▓▓▓▓▓▓
....)............................
▓▓▓▓▓▓▓▓▓▓▓▓▓▓▓▓▓▓▓▓▓▓▓▓▓▓▓▓▓▓▓▓▓
.........')()))(@D).....
▓▓▓▓▓▓▓▓▓▓▓▓▓▓▓▓▓▓▓▓▓▓▓▓


You could see an ice dragon (catching breath).

Vanquished Creatures
  A stone giant (D)
  A fire dragon (D)
  3 ettins (D)
  2 ogre magi (D)
  A hydra (D)
  3 centaur warriors (D)
  3 two-headed ogres (D)
  A deep troll earth mage (D)
  An orc high priest (D)
  A skeletal warrior (D)
  A lindwurm (D)
  3 orc knights (D)
  An ugly thing (D)
  3 cyclopes (D)
  A black mamba (D)
  2 gargoyles (D)
  2 cane toads (D)
  An unseen horror (D)
  A rime drake (D)
  3 komodo dragons (D)
  An efreet (D)
  A yaktaur (D)
  Psyche (D)
  A troll (D)
  A polar bear (D)
  A blink frog (D)
  A dream sheep (D)
  3 yaks (D)
  2 wyverns (D)
  2 basilisks (D)
  Eustachio (D)
  A vampire mosquito (D)
  2 water moccasins (D)
  4 hell hounds (D)
  A black bear (D)
  10 orc warriors (D)
  8 ogres (D)
  4 wolves (D)
  A centaur (D)
  A scorpion (D)
  5 orc priests (D)
  A hound (D)
  A jelly (D)
  An iguana (D)
  3 orc wizards (D)
  4 orcs (D)
  2 ball pythons (D)
  A bat (D)
  A hobgoblin (D)
  A kobold (D)
102 creatures vanquished.

Notes
Turn   | Place    | Note
-------+----------+-------------------------------------------
     0 | D        | adelrune the Minotaur Fighter began the quest for the Orb.
     0 | D        | Reached XP level 1. HP: 19/19 MP: 0/0
     9 | D        | Reached skill level 3 in Maces & Flails
    14 | D        | Reached skill level 1 in Dodging
    20 | D        | Noticed a hound
    20 | D        | Noticed a black bear
    20 | D        | Noticed a scorpion
    20 | D        | Noticed an iguana
    20 | D        | Noticed a jelly
    25 | D        | Killed a hound
    26 | D        | Reached skill level 4 in Maces & Flails
    26 | D        | Reached XP level 2. HP: 28/28 MP: 0/2
    26 | D        | Reached XP level 3. HP: 34/34 MP: 0/3
    30 | D        | Killed a black bear
    31 | D        | Reached skill level 5 in Fighting
    31 | D        | Reached skill level 6 in Maces & Flails
    31 | D        | Reached skill level 5 in Armour
    31 | D        | Reached skill level 5 in Shields
    31 | D        | Reached XP level 4. HP: 28/44 MP: 0/5
    31 | D        | Killed a scorpion
    32 | D        | Reached skill level 7 in Maces & Flails
    32 | D        | Reached XP level 5. HP: 27/51 MP: 0/6
    38 | D        | Reached skill level 8 in Maces & Flails
   131 | D        | Found a roughly hewn altar of Beogh.
   131 | D        | Found a snail-covered altar of Cheibriados.
   131 | D        | Found a shadowy altar of Dithmenos.
   131 | D        | Found a white marble altar of Elyvilon.
   131 | D        | Found a blossoming altar of Fedhas.
   131 | D        | Found an opulent altar of Gozag.
   132 | D        | Found a hazy altar of Hepliaklqana.
   133 | D        | Found a viscous altar of Jiyva.
   134 | D        | Found an ancient bone altar of Kikubaaqudgha.
   135 | D        | Became a worshipper of Cheibriados the Contemplative
   136 | D        | Found a corrupted altar of Lugonu.
   137 | D        | Found a burning altar of Makhleb.
   138 | D        | Found a sparkling altar of Nemelex Xobeh.
   139 | D        | Found an iron altar of Okawaru.
   140 | D        | Found a stormy altar of Qazlal.
   141 | D        | Found a sacrificial altar of Ru.
   142 | D        | Found a shimmering blue altar of Sif Muna.
   143 | D        | Found a bloodstained altar of Trog.
   144 | D        | Found a hide-covered altar of Uskayaw.
   145 | D        | Found a radiant altar of Vehumet.
   146 | D        | Found an ornate altar of the Wu Jian Council.
   147 | D        | Found a shimmering altar of Xom.
   148 | D        | Found a basalt altar of Yredelemnul.
   149 | D        | Found a glowing silver altar of Zin.
   150 | D        | Found a glowing golden altar of the Shining One.
   194 | D        | Noticed a gargoyle
   194 | D        | Noticed a troll
   194 | D        | Noticed a wyvern
   194 | D        | Noticed a yak
   194 | D        | Noticed a centaur
   207 | D        | Killed a gargoyle
   208 | D        | Reached skill level 10 in Maces & Flails
   208 | D        | Reached skill level 5 in Invocations
   208 | D        | Reached XP level 6. HP: 10/61 MP: 7/9
   208 | D        | Reached XP level 7. HP: 11/68 MP: 7/10
   212 | D        | Killed a troll
   212 | D        | Reached * piety under Cheibriados
   215 | D        | Killed a yak
   216 | D        | Reached skill level 11 in Maces & Flails
   216 | D        | Killed a wyvern
   216 | D        | Reached ** piety under Cheibriados
   217 | D        | Reached XP level 8. HP: 41/78 MP: 8/11
   372 | D        | Noticed a cyclops
   372 | D        | Noticed a centaur warrior
   372 | D        | Noticed a gargoyle
   372 | D        | Noticed a centaur warrior
   375 | D        | Killed an unseen horror
   375 | D        | Reached *** piety under Cheibriados
   376 | D        | Reached skill level 12 in Maces & Flails
   381 | D        | Killed a cyclops
   389 | D        | Killed a centaur warrior
   390 | D        | Reached skill level 10 in Fighting
   390 | D        | Reached skill level 13 in Maces & Flails
   390 | D        | Reached skill level 10 in Armour
   390 | D        | Reached skill level 10 in Shields
   390 | D        | Reached XP level 9. HP: 44/86 MP: 13/13
   396 | D        | Killed a centaur warrior
   396 | D        | Reached **** piety under Cheibriados
   397 | D        | Reached skill level 14 in Maces & Flails
   399 | D        | Killed a gargoyle
   401 | D        | Reached ***** piety under Cheibriados
   683 | D        | Noticed a komodo dragon
   683 | D        | Noticed a komodo dragon
   683 | D        | Noticed a black mamba
   683 | D        | Noticed a komodo dragon
   689 | D        | Killed a komodo dragon
   694 | D        | Killed a komodo dragon
   695 | D        | Reached XP level 10. HP: 83/96 MP: 15/15
   714 | D        | Reached skill level 15 in Maces & Flails
   716 | D        | Killed a black mamba
   716 | D        | Reached ****** piety under Cheibriados
   724 | D        | Reached skill level 10 in Dodging
   865 | D        | Noticed a cane toad
   865 | D        | Noticed a lindwurm
   865 | D        | Noticed a cane toad
   871 | D        | Killed a cane toad
   877 | D        | Killed a lindwurm
   878 | D        | Reached skill level 16 in Maces & Flails
   883 | D        | Killed a cane toad
   888 | D        | Reached skill level 10 in Invocations
  1032 | D        | Reached XP level 11. HP: 88/107 MP: 17/17
  1037 | D        | Reached skill level 17 in Maces & Flails
  1144 | D        | Noticed Eustachio
  1147 | D        | Killed Eustachio
  1226 | D        | Noticed an orc knight
  1242 | D        | Killed an orc knight
  1291 | D        | Noticed an orc high priest
  1291 | D        | Noticed an orc knight
  1298 | D        | Killed an orc high priest
  1299 | D        | Noticed an orc knight
  1303 | D        | Killed an orc knight
  1318 | D        | Killed an orc knight
  1319 | D        | Reached skill level 18 in Maces & Flails
  1368 | D        | Found Umeny's Jewellery Emporium.
  1368 | D        | Noticed a two-headed ogre
  1368 | D        | Noticed an ogre mage
  1368 | D        | Noticed a two-headed ogre
  1375 | D        | Killed a two-headed ogre
  1381 | D        | Killed an ogre mage
  1382 | D        | Found Busafir's Armour Shoppe.
  1389 | D        | Killed a two-headed ogre
  1399 | D        | Noticed an ogre mage
  1402 | D        | Found Eniereh's Magic Scroll Emporium.
  1404 | D        | Found Gyalap's Armour Shoppe.
  1408 | D        | Paralysed by an ogre mage for 3 turns
  1412 | D        | Killed an ogre mage
  1415 | D        | Noticed a two-headed ogre
  1420 | D        | Killed a two-headed ogre
  1421 | D        | Reached skill level 19 in Maces & Flails
  1448 | D        | Bought a scroll of silence for 95 gold pieces
  1450 | D        | Bought a +2 hat for 176 gold pieces
  1458 | D        | Bought a ring of poison resistance for 220 gold pieces
  1458 | D        | Bought the ring of Haprelaupt {rF+ rC+ rN+ rCorr Slay-6
                  | Stlth+} for 250 gold pieces
  1569 | D        | Noticed Psyche
  1576 | D        | Killed Psyche
  1757 | D        | Noticed a centaur warrior
  1757 | D        | Noticed an eight-headed hydra
  1757 | D        | Noticed a skeletal warrior
  1757 | D        | Noticed a purple ugly thing
  1765 | D        | Killed a centaur warrior
  1766 | D        | Reached XP level 12. HP: 104/118 MP: 19/19
  1771 | D        | Killed an eight-headed hydra
  1772 | D        | Noticed an ettin
  1772 | D        | Noticed a stone giant
  1777 | D        | Reached skill level 15 in Fighting
  1777 | D        | Reached skill level 15 in Armour
  1788 | D        | Killed a stone giant
  1790 | D        | Reached skill level 20 in Maces & Flails
  1790 | D        | Noticed a deep troll earth mage
  1792 | D        | Killed an ettin
  1793 | D        | Reached skill level 15 in Shields
  1793 | D        | Noticed a fire dragon
  1793 | D        | Noticed an ettin
  1796 | D        | Noticed an ettin
  1800 | D        | Killed a deep troll earth mage
  1806 | D        | Killed a fire dragon
  1807 | D        | Killed an ettin
  1807 | D        | Noticed an ice dragon
  1808 | D        | Killed an ettin
  1823 | D        | Killed from afar by an ice dragon

Illustrated notes

Levels and vault maps discovered:
D:        linesprint [early_d, line_temple, items_1, d_10, items_2, lair_1,
          lair_end, items_3, orc_1, orc_end, items_4, d_15, swamp_1, shoals_1,
          snake_1, spider_1, d_20, vaults_1, items_5, swamp_end, shoals_end,
          snake_end, spider_end, vaults_end, d_27, items_6, zot_1, zot_end,
          crypt_end, forest_end, elf_end, slime_end, tomb_end, abyss_end,
          pan_hell_end]

Skill      XL: |  1  2  3  4  5  6  7  8  9 10 11 12 |
---------------+-------------------------------------+-----
Maces & Flails | 4 6 7 10 11 13 14 16 19 20 | 20.8
Fighting       | 4 5 6 8 9 10 11 13 14 15 | 15.9
Armour         | 4 5 6 8 10 11 13 14 15 | 15.9
Dodging        | 2 3 4 6 7 8 9 11 12 13 | 13.8
Shields        | 4 5 6 7 8 10 11 12 14 15 | 15.4
Invocations    | 2 3 5 6 7 8 10 11 12 | 12.7

Action                     |  1- 3 |  4- 6 |  7- 9 | 10-12 || total
---------------------------+-------+-------+-------+-------++-------
  Melee: Flail             |    20 |    17 |    49 |   259 ||   345
         Headbutt          |     5 |     6 |    18 |    66 ||    95
 Invoke: Slouch            |       |       |       |     7 ||     7
    Use: Potion            |       |     3 |     3 |     3 ||     9
 Armour: Scale mail        |    17 |     2 |       |       ||    19
         Chain mail        |       |     8 |    40 |    45 ||    93
         Storm dragon scal |       |       |       |    45 ||    45
  Dodge: Dodged            |    12 |     9 |    31 |   139 ||   191
  Block: Buckler           |    10 |       |    12 |    65 ||    87

Table legend: (Time is in decaauts)
 A = Elapsed time spent in this place.
 B = Non-inter-level travel time spent in this place.
 C = Inter-level travel time spent in this place.
 D = Time resting spent in this place.
 E = Time spent auto-exploring this place.
 F = Levels seen in this place.
 G = Mean time per level.
                   A        B        C        D        E       F      G
               +--------+--------+--------+--------+--------+-----+--------+
         Total |   2289 |   2289 |      0 |    599 |    702 |   1 | 2289.0 |
       Dungeon |   2289 |   2289 |      0 |    599 |    702 |   1 | 2289.0 |
               +--------+--------+--------+--------+--------+-----+--------+

Top non-repeatable levels by time:
       D: 2289 daAuts
